[Event "Team 45 45 League T71"]
[Site "Internet Chess Club"]
[Date "2016.12.11"]
[Round "1"]
[White "milesotoole"]
[Black "Innes"]
[Result "1-0"]
[WhiteElo "1645"]
[BlackElo "1549"]
[Opening "Scandinavian (center counter) defense"]
[ECO "B01"]
[Time "21:11:17"]
[TimeControl "2700+45"]

1. e4 d5 2. exd5 c6 3. Nc3 cxd5 4. d4 Nf6 5. Bf4 Nc6 6. Nb5 Qa5+ 7. c3 e5 8.
dxe5 Ne4 9. Qxd5 Bf5 10. O-O-O Nxf2 11. e6 Bxe6 12. Nc7+ Qxc7 13. Bxc7 Bxd5 14.
Rxd5 Nxh1 15. Nf3 Rc8 16. Bf4 Rd8 17. Rb5 Nf2 18. Kc2 Bd6 19. Rxb7 Bxf4 20. Bb5
O-O 21. Bxc6 Be3 22. a4 Nd3 23. Bb5 Nf4 24. g3 Ne6 25. b4 Rc8 26. Kd3 Bf2 27. a5
Rfd8+ 28. Ke2 Rxc3 29. Kxf2 g5 30. Be2 Rc2 31. Rxa7 g4 32. Ng1 Nd4 33. Re7 Nxe2
34. Nxe2 Rb2 35. a6 Rxb4 36. a7 Ra4 37. Nc3 Rb4 38. Ne2 Kg7 39. Rd7 Ra8 40. Nd4
Rb2+ 41. Ke3 Re8+ 42. Kf4 h5 43. Kg5 Re5+ 44. Nf5+ Rxf5+ 45. Kxf5 Rb5+ 46. Ke4
Ra5 47. Kd4 Kf6 48. Kc4 Ke6 49. Rb7 f5 50. Kb4 Ra2 51. Kb5 Kd6 52. Rb6+ Kc7 53.
Ra6 Rb2+ 54. Kc5 Rc2+ 55. Kd5 Rd2+ 56. Ke5 {Black resigns} 1-0

[Event "Team 45 45 League T71"]
[Site "Internet Chess Club"]
[Date "2016.12.12"]
[Round "1"]
[White "olivermx"]
[Black "dabodhi"]
[Result "0-1"]
[WhiteElo "1276"]
[BlackElo "1345"]
[Opening "French: exchange variation"]
[ECO "C01"]
[Time "18:00:51"]
[TimeControl "2700+45"]

1. e4 e6 2. d4 d5 3. exd5 exd5 4. Nf3 Bg4 5. Be3 Nd7 6. Nbd2 Ngf6 7. c4 c6 8.
Bd3 c5 9. Qc2 g6 10. O-O Bg7 11. Rfe1 O-O 12. dxc5 Rc8 13. c6 Rxc6 14. Nd4 Rc8
15. Qb3 Nc5 16. Qc2 Nxd3 17. Qxd3 Re8 18. Bf4 a6 19. Rxe8+ Qxe8 20. cxd5 Nxd5
21. Qg3 Bd7 22. N2f3 Qe4 23. Be5 f6 24. Re1 Qg4 25. Qxg4 Bxg4 26. Ne6 Bxe6 27.
Bxf6 Bf7 28. Bxg7 Kxg7 29. h3 Re8 30. Rd1 Re2 31. Rc1 Rxb2 32. Ne5 Rxa2 33. Rc5
Rd2 34. Nf3 Rd1+ 35. Kh2 Rb1 36. Ne5 Rb5 37. Rc8 Ne7 38. Nxf7 Nxc8 39. Nd8 Rb6
40. g4 a5 41. f3 a4 {White resigns} 0-1

[Event "Team 45 45 League T71"]
[Site "Internet Chess Club"]
[Date "2016.12.10"]
[Round "1"]
[White "az2112"]
[Black "Gojira"]
[Result "1-0"]
[WhiteElo "1638"]
[BlackElo "1635"]
[Opening "Sicilian defense"]
[ECO "B34"]
[Time "09:00:37"]
[TimeControl "2700+45"]

1. e4 c5 2. Nf3 Nc6 3. d4 cxd4 4. Nxd4 g6 5. Bb5 Bg7 6. Be3 Nf6 7. Nc3 Qa5 8.
O-O O-O 9. f3 a6 10. Be2 Qb6 11. Na4 Qb4 12. Nxc6 dxc6 13. Nb6 Rb8 14. Nxc8 Kh8
15. Nb6 {Black resigns} 1-0

[Event "Team 45 45 League T71"]
[Site "Internet Chess Club"]
[Date "2016.12.11"]
[Round "1"]
[White "akshayk06"]
[Black "ChessMaine"]
[Result "1-0"]
[WhiteElo "1469"]
[BlackElo "1494"]
[Opening "Queen's bishop game"]
[ECO "D00"]
[Time "21:01:37"]
[TimeControl "2700+45"]

1. d4 d5 2. Bf4 Nf6 3. Nf3 e6 4. e3 c5 5. c3 Nc6 6. Be2 Be7 7. O-O Nh5 8. Bg3
Nxg3 9. hxg3 h5 10. Nbd2 h4 11. g4 Qc7 12. Rc1 h3 13. g3 Bd6 14. Kh2 Qe7 15. e4
Bd7 16. e5 Bc7 17. Nb3 c4 18. Nc5 Bc8 19. b3 b6 20. Na4 b5 21. Nc5 Bb6 22. b4 a5
23. a3 a4 24. Qd2 Bxc5 25. bxc5 Na5 26. Bd1 Nb3 27. Bxb3 axb3 28. Ra1 Ra4 29.
Qc1 Qa7 30. Nh4 Bd7 31. f4 O-O 32. f5 Ra8 33. f6 Kh7 34. Qg5 g6 35. Nxg6 fxg6
36. Qh4+ Kg8 37. f7+ Kf8 38. Qh8+ Ke7 39. f8=Q+ Rxf8 40. Qxf8# {Black
checkmated} 1-0

[Event "Team 45 45 League T71"]
[Site "Internet Chess Club"]
[Date "2016.12.12"]
[Round "1"]
[White "seattleblues"]
[Black "rhayder"]
[Result "1-0"]
[WhiteElo "1382"]
[BlackElo "1149"]
[Opening "King's Indian, 3.Nf3"]
[ECO "E61"]
[Time "23:49:54"]
[TimeControl "2700+45"]

1. d4 Nf6 2. Nf3 g6 3. c4 Bg7 4. Nc3 O-O 5. Bf4 d6 6. e3 Nbd7 7. Be2 c5 8. O-O
cxd4 9. exd4 b6 10. h3 Bb7 11. Qc2 a5 12. Rad1 Ba6 13. Rfe1 Rc8 14. Qb3 Re8 15.
Bf1 Qc7 16. Nb5 Qb8 17. Rc1 Bxb5 18. Qxb5 Qb7 19. Qb3 Nh5 20. Bh2 Nhf6 21. Be2
Ra8 22. Nd2 e5 23. dxe5 dxe5 24. Qc2 Bh6 25. Rcd1 Nc5 26. Nb3 Ne6 27. Bxe5 Bf4
28. Bxf6 {Black resigns} 1-0

[Event "Team 45 45 League T71"]
[Site "Internet Chess Club"]
[Date "2016.12.12"]
[Round "1"]
[White "Just-Jim"]
[Black "Conjurer"]
[Result "1-0"]
[WhiteElo "1279"]
[BlackElo "1197"]
[Opening "Queen's pawn game"]
[ECO "A45"]
[Time "12:00:25"]
[TimeControl "2700+45"]

1. d4 Nf6 2. e3 e6 3. f4 d5 4. Be2 c5 5. c3 Be7 6. Nf3 Nc6 7. O-O O-O 8. Ne5
Nxe5 9. fxe5 Ne4 10. Bh5 b6 11. Qf3 g6 12. Bg4 Ba6 13. Re1 Ng5 14. Qd1 f5 15.
exf6 Rxf6 16. Qa4 Bd3 17. Qc6 Qf8 18. Nd2 Rc8 19. Qd7 a5 20. Nf3 Nxf3+ 21. gxf3
Bf5 22. Bxf5 exf5 23. Qxd5+ Kh8 24. f4 Rd6 25. Qf3 Bf6 26. e4 fxe4 27. Rxe4 Re8
28. dxc5 Rxe4 29. Qxe4 Rd1+ 30. Kg2 Qxc5 31. Be3 Qd6 32. Qa8+ Bd8 33. Rxd1 Qxd1
34. Kf2 Qc2+ 35. Kf3 Qd3 36. a4 Kg7 37. Qb7+ Kh6 38. f5+ Bg5 39. Qxb6 Qxf5+ 40.
Ke2 Qc2+ 41. Kf3 Qd1+ 42. Kg2 Qe2+ 43. Kg3 Bxe3 44. Qf6 Qe1+ 45. Kh3 Bg5 46.
Qf8+ Kh5 47. Qf3+ Kh6 48. c4 Qe6+ 49. Kg3 Kg7 50. Qc3+ Bf6 51. Qxa5 Be5+ 52. Kf3
Qc6+ 53. Qd5 Qf6+ 54. Ke2 Bxh2 55. Qd7+ Kh6 56. Qh3+ Kg7 57. Qd7+ Qf7 58. Qxf7+
Kxf7 59. a5 Bg1 60. b4 h5 61. a6 h4 62. c5 h3 63. a7 h2 64. a8=Q Kf6 65. Kf1 g5
66. Qg2 g4 67. Qxg1 hxg1=Q+ 68. Kxg1 Ke6 69. c6 Kd6 70. b5 Kc7 71. Kg2 Kb6 72.
Kg3 Kc7 73. Kxg4 Kb6 74. Kf5 Kc7 75. Ke6 Kc8 76. b6 Kb8 77. Kd7 Ka8 78. c7 Kb7
79. c8=Q+ Kxb6 80. Kd6 Ka5 81. Kc5 Ka4 82. Qb8 Ka3 83. Kc4 Ka2 84. Kc3 Ka1 85.
Qb2# {Black checkmated} 1-0

[Event "Team 45 45 League T71"]
[Site "Internet Chess Club"]
[Date "2016.12.08"]
[Round "1"]
[White "fishhead"]
[Black "cityprosecutor"]
[Result "1-0"]
[WhiteElo "1811"]
[BlackElo "1698"]
[Opening "King's pawn opening"]
[ECO "B07"]
[Time "17:31:22"]
[TimeControl "2700+45"]

1. e4 d6 2. f4 c6 3. Nf3 Nf6 4. Nc3 b5 5. d3 g6 6. Be3 Bg7 7. Qd2 b4 8. Ne2 c5
9. g3 O-O 10. Bg2 Ng4 11. c3 Nxe3 12. Qxe3 a5 13. O-O Bb7 14. Kh1 Nd7 15. d4 Qc7
16. e5 dxe5 17. dxe5 e6 18. Ng5 Bxg2+ 19. Kxg2 Rad8 20. cxb4 axb4 21. Rfc1 c4
22. Ne4 Nxe5 23. fxe5 Qxe5 24. Qf4 Qxb2 25. Qf2 Qa3 26. Rab1 c3 27. Rb3 Qa8 28.
Qf3 Rb8 29. Nc5 Qa7 30. Nd3 Qxa2 31. Rxb4 Rxb4 32. Nxb4 Qb2 33. Nd3 Qd2 34. Nf2
c2 35. Qd3 Qxd3 36. Nxd3 Rc8 37. Ne1 Bh6 38. Rxc2 Rxc2 39. Nxc2 Bg7 40. Kf3 h5
41. Ne3 Bf6 42. Nf4 Bg5 43. Nc4 Be7 44. Ke4 h4 45. g4 Kg7 46. Ne5 Bc5 47. g5 Bg1
48. h3 Bb6 49. Kf3 Bc7 50. Nd7 Bd8 51. Kg4 f6 52. Nxe6+ {Black resigns} 1-0

[Event "Team 45 45 League T71"]
[Site "Internet Chess Club"]
[Date "2016.12.13"]
[Round "1"]
[White "elessar"]
[Black "kidcobra"]
[Result "1/2-1/2"]
[WhiteElo "1702"]
[BlackElo "1792"]
[Opening "Ruy Lopez: Schliemann defense"]
[ECO "C63"]
[Time "18:32:27"]
[TimeControl "2700+45"]

1. e4 e5 2. Nf3 Nc6 3. Bb5 f5 4. Bxc6 dxc6 5. Nc3 Nf6 6. Qe2 Bd6 7. d3 O-O 8.
Bg5 h6 9. Bxf6 Qxf6 10. O-O-O b5 11. exf5 Bxf5 12. Ne4 Bxe4 13. Qxe4 Qf4+ 14.
Nd2 c5 15. Qxf4 exf4 16. f3 a5 17. Ne4 Rae8 18. Rhe1 Kh7 19. Nxd6 cxd6 20. Rxe8
Rxe8 21. Kd2 Kg6 22. Re1 Rxe1 23. Kxe1 Kf5 24. Ke2 Ke5 25. c3 Kd5 26. Kd2 c4 27.
d4 b4 28. a4 bxa3 29. bxa3 Kc6 30. a4 d5 31. Ke2 Kd6 32. Kf2 Ke6 33. Ke2 Kf5 34.
Kf2 g5 35. h3 h5 36. Kg1 {Game drawn by mutual agreement} 1/2-1/2

[Event "Team 45 45 League T71"]
[Site "Internet Chess Club"]
[Date "2016.12.09"]
[Round "1"]
[White "Chesstime2016"]
[Black "Hal2001"]
[Result "0-1"]
[WhiteElo "1428"]
[BlackElo "1576"]
[Opening "Benoni defense"]
[ECO "A56"]
[Time "21:05:24"]
[TimeControl "2700+45"]

1. d4 Nf6 2. c4 c5 3. e3 d5 4. Nc3 Bf5 5. cxd5 Nxd5 6. Bc4 e6 7. dxc5 Bxc5 8.
Nxd5 exd5 9. Qxd5 Qxd5 10. Bxd5 Bb4+ 11. Bd2 Bxd2+ 12. Kxd2 Nc6 13. Bxc6+ bxc6
14. Nf3 O-O 15. Nd4 Rfd8 16. Ke2 Bd7 17. Rac1 Rac8 18. Rhd1 c5 19. Nf3 Bb5+ 20.
Ke1 Rxd1+ 21. Kxd1 f6 22. b3 Kf7 23. Nd4 Bd7 24. Nf3 Ke6 25. Ke2 Bb5+ 26. Kd2
Ba6 27. Kc3 Rd8 28. Rc2 Rd3+ 29. Kb2 Rd5 30. Rd2 Rxd2+ 31. Nxd2 Kd5 32. Kc3 f5
33. f3 Bb7 34. e4+ fxe4 35. fxe4+ Ke5 36. Kd3 Ba6+ 37. Ke3 g5 38. Nf3+ Kf6 39.
g4 Bc8 40. h3 Be6 41. e5+ Kg6 42. Ke4 h5 43. Nh2 a5 44. Kd3 a4 45. bxa4 Bxa2 46.
a5 Bd5 47. a6 h4 48. a7 Kf7 49. Nf1 Ke6 50. Ne3 Ba8 51. Nc4 Bb7 52. Nb6 Kxe5 53.
a8=Q Bxa8 54. Nxa8 Kf4 55. Nb6 Kg3 56. Ke3 Kxh3 57. Kf3 Kh2 58. Nc4 Kg1 59. Ne5
h3 60. Nd3 h2 61. Nf2 c4 62. Nh3+ Kf1 63. Nf2 c3 64. Ke3 c2 {White resigns} 0-1

[Event "Team 45 45 League T71"]
[Site "Internet Chess Club"]
[Date "2016.12.14"]
[Round "1"]
[White "Gilguli"]
[Black "smsxman"]
[Result "1-0"]
[WhiteElo "1359"]
[BlackElo "1318"]
[Opening "Blackmar gambit"]
[ECO "B01"]
[Time "00:24:06"]
[TimeControl "2700+45"]

1. e4 d5 2. d4 dxe4 3. Nc3 Nf6 4. Bg5 Bf5 5. Nge2 Nc6 6. Ng3 Nxd4 7. Nxf5 Nxf5
8. Bxf6 exf6 9. Qg4 Nd6 10. O-O-O f5 11. Qg3 Be7 12. Bb5+ c6 13. Ba4 O-O 14. f3
f4 15. Qh3 e3 16. Ne2 Bg5 17. g3 Qf6 18. gxf4 Nc4 19. c3 Bxf4 20. Rd4 Be5 21.
Rxc4 b5 22. Bc2 h6 23. Re4 Rfe8 24. Rg1 Kf8 25. Rd1 a5 26. Kb1 Rad8 27. Rxd8
Rxd8 28. f4 Bc7 29. Qxe3 Qh4 30. Qg3 Qf6 31. Qe3 Qh4 32. a3 Qxh2 33. Qc5+ Rd6
34. Qa7 Qh1+ 35. Ka2 Bd8 36. Nd4 Qf1 37. Nf5 Rd7 38. Qc5+ Kg8 39. Re8+ Kh7 40.
Ne3+ {Black resigns} 1-0

[Event "Team 45 45 League T71"]
[Site "Internet Chess Club"]
[Date "2016.12.12"]
[Round "1"]
[White "kllrchris"]
[Black "Elalfer"]
[Result "1-0"]
[WhiteElo "1715"]
[BlackElo "1595"]
[Opening "Sicilian: Nimzovich-Rossolimo attack (with ...g6, without ...d6)"]
[ECO "B31"]
[Time "20:00:24"]
[TimeControl "2700+45"]

1. e4 c5 2. Nf3 Nc6 3. Bb5 g6 4. Bxc6 bxc6 5. O-O Bg7 6. Re1 e6 7. d3 Ne7 8. c3
d5 9. Qe2 O-O 10. Bf4 a5 11. Nbd2 Ba6 12. e5 Qb6 13. Rab1 Nf5 14. g4 Bh6 15. g5
Bg7 16. Nf1 c4 17. d4 c5 18. dxc5 Qxc5 19. Be3 Qc7 20. Bf4 Rfb8 21. Ne3 Ne7 22.
Ng4 Nf5 23. Qd2 Qc5 24. h4 Rb7 25. h5 Rab8 26. Nf6+ Bxf6 27. gxf6 gxh5 28. Bh6
Nxh6 29. Qxh6 Qf8 30. Qxh5 Rxb2 31. Rxb2 Rxb2 32. Ng5 h6 33. Kg2 Rxa2 34. Rh1
Rc2 35. Nxe6 fxe6 36. Qg6+ Kh8 37. Rxh6+ Qxh6 38. Qxh6+ Kg8 39. Qg7# {Black
checkmated} 1-0

[Event "Team 45 45 League T71"]
[Site "Internet Chess Club"]
[Date "2016.12.08"]
[Round "1"]
[White "cayo89"]
[Black "CrimsonZug"]
[Result "1-0"]
[WhiteElo "1688"]
[BlackElo "1691"]
[Opening "King's Indian: London system"]
[ECO "A48"]
[Time "19:00:27"]
[TimeControl "2700+45"]

1. d4 Nf6 2. Nf3 g6 3. Bf4 Bg7 4. e3 d6 5. Be2 O-O 6. Nbd2 Nbd7 7. c3 Qe8 8. e4
e5 9. dxe5 dxe5 10. Bg5 h6 11. Bh4 Nh5 12. Bg3 Nxg3 13. hxg3 Nc5 14. b4 Nd7 15.
Qc2 Qe7 16. O-O b6 17. Rfe1 Bb7 18. Rad1 a6 19. Bc4 b5 20. Bb3 c5 21. a3 c4 22.
Ba2 Rad8 23. Bb1 Nb6 24. Qc1 Na4 25. Nf1 Rd7 26. Rxd7 Qxd7 27. Rd1 Qe7 28. Ne3
Nb6 29. Qd2 Na4 30. Qc1 Rd8 31. Rxd8+ Qxd8 32. Kf1 Nb6 33. Bc2 Bc8 34. Nh4 Bf6
35. Nf3 Be6 36. Ke2 Bg7 37. Nh4 Nc8 38. Nf3 Ne7 39. Nh4 Qd7 40. Qd2 Qc7 41. g4
g5 42. Nhf5 Bxf5 43. gxf5 f6 44. g4 Bf8 45. Nf1 Nc8 46. Ng3 Be7 47. Qd5+ Kh7 48.
Qf7+ Kh8 49. Nh5 Bd6 50. Qxf6+ Kg8 51. Qg6+ Kf8 52. Qxh6+ Ke8 53. Nf6+ Kf7 54.
Qg6+ Ke7 55. Nd5+ {Black resigns} 1-0

[Event "Team 45 45 League T71"]
[Site "Internet Chess Club"]
[Date "2016.12.10"]
[Round "1"]
[White "Mitochondria"]
[Black "krysto"]
[Result "1-0"]
[WhiteElo "1611"]
[BlackElo "1576"]
[Opening "QGD semi-Slav"]
[ECO "D43"]
[Time "22:15:29"]
[TimeControl "2700+45"]

1. d4 Nf6 2. c4 e6 3. Nc3 d5 4. Nf3 c6 5. Bg5 Be7 6. e3 h6 7. Bh4 O-O 8. Bd3
Nbd7 9. O-O dxc4 10. Bxc4 b5 11. Bd3 a6 12. Re1 c5 13. Qc2 Bb7 14. Qe2 Rc8 15.
Rad1 c4 16. Bc2 b4 17. Na4 Ne4 18. Bxe7 Qxe7 19. Nd2 Nxd2 20. Qxd2 Rfd8 21. Qe2
Qg5 22. e4 Nf6 23. Nb6 Rc6 24. Nxc4 Rdc8 25. b3 Nh5 26. Qf3 Nf4 27. Qg3 Qxg3 28.
hxg3 Nh5 29. Bd3 Ba8 30. Be2 Nf6 31. Bf3 R6c7 32. Nb6 Rb8 33. Nxa8 {Black
resigns} 1-0

[Event "Team 45 45 League T71"]
[Site "Internet Chess Club"]
[Date "2016.12.10"]
[Round "1"]
[White "scostanzo212"]
[Black "UrsaMajor"]
[Result "1-0"]
[WhiteElo "1570"]
[BlackElo "1408"]
[Opening "QGD: exchange, positional line"]
[ECO "D35"]
[Time "10:04:24"]
[TimeControl "2700+45"]

1. d4 Nf6 2. c4 e6 3. Nc3 d5 4. cxd5 exd5 5. Bg5 Be7 6. e3 c6 7. Bd3 O-O 8. Nge2
Be6 9. O-O h6 10. Bxf6 Bxf6 11. b4 Be7 12. Rb1 Nd7 13. b5 cxb5 14. Nxb5 a6 15.
Nbc3 b5 16. f3 Rc8 17. e4 Nb6 18. e5 Nc4 19. Bxc4 Rxc4 20. Qd3 Qd7 21. g4 f5 22.
h3 Bh4 23. Nf4 fxg4 24. Nxe6 Qxe6 25. fxg4 Rfc8 26. Ne2 Rc2 27. Nf4 Qe8 28. Nxd5
Rxa2 29. Qb3 Rcc2 30. Nf6+ Kh8 31. Qxc2 Rxc2 32. Nxe8 Bg5 33. d5 Be3+ 34. Kh1
Bd4 35. e6 Be5 36. e7 Rc8 37. Rf8+ Kh7 {Black resigns} 1-0

[Event "Team 45 45 League T71"]
[Site "Internet Chess Club"]
[Date "2016.12.11"]
[Round "1"]
[White "calsal"]
[Black "Goli"]
[Result "0-1"]
[WhiteElo "1737"]
[BlackElo "1739"]
[Opening "Robatsch (modern) defense"]
[ECO "B06"]
[Time "10:02:22"]
[TimeControl "2700+45"]

1. e4 g6 2. d4 Bg7 3. Nc3 d6 4. Be3 Nf6 5. Qd2 O-O 6. O-O-O Nc6 7. f3 e5 8. d5
Ne7 9. Bh6 a6 10. h4 b5 11. h5 Nxh5 12. Rxh5 gxh5 13. Qg5 Ng6 14. Qxh5 Qh4 15.
Qxh4 Nxh4 16. Bg5 Ng6 17. g4 f6 18. Be3 b4 19. Nce2 a5 20. Ng3 Bd7 21. Nf5 Bxf5
22. gxf5 Nh8 23. Rd2 Nf7 24. Rg2 Kh8 25. Rh2 Rg8 26. Ne2 Bf8 27. Rh3 Ng5 28.
Bxg5 Rxg5 29. Ng3 Be7 30. Kd2 Rag8 31. Nh5 Rg1 32. Ke2 R1g5 33. Kf2 Rc8 34. Bb5
Rcg8 35. Ng3 Kg7 36. Bd7 Kh8 37. Bb5 R8g7 38. Bd7 Bd8 39. Bc6 Kg8 40. Kg2 h5 41.
Kf2 h4 42. Ne2 Rh7 43. Kf1 Kf7 44. Kf2 Be7 45. Bd7 Bf8 46. f4 Rgh5 47. fxe5 fxe5
48. Kf3 Kf6 49. Bb5 Rg7 50. Kf2 Rg8 51. Kf3 Bh6 52. Bd7 Bf4 53. Ba4 Bg3 54. Bd7
Rhg5 55. Bb5 Be1 56. Rh2 Rg4 57. Bd3 Bg3 58. Rh3 R4g7 59. Bb5 Ra8 60. Ba4 Ra6
61. Nc1 Bf4 62. Ne2 Bg3 63. Nc1 Ra8 64. Ne2 Rh8 65. Bb5 Bf4 66. Bc6 Kg5 67. Bb5
Kh5 68. Bc6 Rhg8 69. Bb5 Rg3+ 70. Nxg3+ Bxg3 71. Bd7 Rg4 72. Be8+ Kg5 73. Ba4
Rf4+ 74. Ke3 Kg4 75. Rh1 Rf3+ 76. Ke2 Kf4 77. Rf1 Rxf1 78. Kxf1 Kxe4 79. f6 Bf4
80. f7 Bh6 81. Bb3 Kf5 82. c4 Kf6 83. Bc2 Kxf7 84. Kg2 Kf6 85. Kh3 Kg5 86. Bh7
Bg7 87. Kg2 Kf4 88. Kh3 Bf6 89. b3 Kf3 90. Bg6 e4 91. Bh5+ Kf2 92. Bg6 e3 {White
resigns} 0-1

[Event "Team 45 45 League T71"]
[Site "Internet Chess Club"]
[Date "2016.12.09"]
[Round "1"]
[White "Chess4Him"]
[Black "julesraider"]
[Result "1-0"]
[WhiteElo "1555"]
[BlackElo "1604"]
[Opening "King's Indian: London system"]
[ECO "A48"]
[Time "21:00:15"]
[TimeControl "2700+45"]

1. d4 Nf6 2. Nf3 g6 3. Bf4 Bg7 4. e3 O-O 5. Nbd2 d6 6. Be2 Nfd7 7. c3 e5 8. Bg3
b6 9. Qc2 Bb7 10. h4 c5 11. e4 cxd4 12. cxd4 d5 13. dxe5 Qe7 14. Qc7 Ba6 15.
Bxa6 Nxa6 16. Qd6 Qxd6 17. exd6 dxe4 18. Nxe4 Rfe8 19. Nd2 f5 20. O-O fxe4 21.
Rfe1 Bxb2 22. Rad1 Nac5 23. Nc4 Bc3 24. Re2 b5 25. Ne3 Nd3 26. Nd5 Ba5 27. Ne7+
Kf7 28. Rxe4 N3c5 29. Re3 Bb6 30. Rf3+ Kg7 31. h5 Ne4 32. hxg6 hxg6 33. Re1 Ng5
34. Rd3 Rac8 35. Rd5 Nf7 36. Re6 Rc1+ 37. Kh2 Rh8+ 38. Bh4 Rxh4+ 39. Kg3 Rd4 40.
Rxg6+ Kh7 41. Rh5+ Nh6 42. Rhxh6# {Black checkmated} 1-0

[Event "Team 45 45 League T71"]
[Site "Internet Chess Club"]
[Date "2016.12.11"]
[Round "1"]
[White "kausika"]
[Black "mongmong"]
[Result "0-1"]
[WhiteElo "1384"]
[BlackElo "1484"]
[Opening "Bogo-Indian defense"]
[ECO "E11"]
[Time "10:00:17"]
[TimeControl "2700+45"]

1. d4 e6 2. c4 Nf6 3. Nf3 Bb4+ 4. Bd2 a5 5. Nc3 b6 6. Rc1 Bb7 7. Bg5 h6 8. Bxf6
Qxf6 9. e3 Bxf3 10. Qxf3 Qxf3 11. gxf3 d6 12. f4 Nd7 13. Bg2 Rd8 14. Bc6 Ke7 15.
a3 Bxc3+ 16. Rxc3 f6 17. h4 e5 18. fxe5 dxe5 19. dxe5 Nxe5 20. Be4 g5 21. h5 Rd7
22. Bf5 Rd6 23. Kf1 c5 24. Kg2 Rhd8 25. Rc2 Rd2 26. Rhc1 Nc6 27. Rxd2 Rxd2 28.
Rc2 Rxc2 29. Bxc2 Kd6 30. Kf3 Ke5 31. Kg4 Ne7 32. f4+ Ke6 33. fxg5 fxg5 34. Be4
Ke5 35. Bd3 Ng8 36. Bg6 Nf6+ 37. Kf3 Ng8 38. Kg4 Ne7 39. Bd3 Nc8 40. a4 Nd6 41.
b3 Ne4 42. Bc2 Nf6+ 43. Kf3 Nxh5 44. Kg4 Nf6+ 45. Kg3 h5 46. Kf3 h4 47. Kg2 g4
48. Bd3 Ne4 49. Bc2 Nd6 50. Bd3 Nf5 51. Kf2 h3 52. Bc2 g3+ 53. Kf3 g2 54. Kf2
Nxe3 {White resigns} 0-1

[Event "Team 45 45 League T71"]
[Site "Internet Chess Club"]
[Date "2016.12.11"]
[Round "1"]
[White "evan7284"]
[Black "Zugzwanged"]
[Result "0-1"]
[WhiteElo "1734"]
[BlackElo "1695"]
[Opening "Queen's pawn: Torre attack"]
[ECO "A46"]
[Time "09:04:00"]
[TimeControl "2700+45"]

1. d4 Nf6 2. Nf3 e6 3. Bg5 c5 4. e3 Be7 5. Nbd2 b6 6. Bd3 Bb7 7. c3 O-O 8. Qe2
Nc6 9. O-O cxd4 10. exd4 Nd5 11. Bxe7 Ncxe7 12. Qe4 f5 13. Qh4 Rf6 14. Nc4 Rh6
15. Qg5 Rg6 16. Qd2 d6 17. Rae1 Nxc3 18. bxc3 Bxf3 19. g3 Nd5 20. Nb2 Qh4 21.
Be2 Qh3 22. Bxf3 Rh6 23. Qxh6 Qxh6 24. c4 Qd2 25. Re2 Qxd4 26. cxd5 e5 27. Rd1
Qc3 28. Rd3 Qc1+ 29. Rd1 Qc5 30. Bg2 e4 31. Rdd2 a5 32. h4 b5 33. Kh2 a4 34. Bh3
a3 35. Nd1 g6 36. Ne3 Rf8 37. Rc2 Qd4 38. Rc7 Rf7 39. Rc8+ Rf8 40. Rc7 Rf7 41.
Rc8+ Kg7 42. Rec2 b4 43. R8c4 Qb6 44. Rc6 Qb7 45. h5 b3 46. axb3 Qxb3 47. R6c3
Qb4 48. Rc4 Qb5 49. Ra2 Ra7 50. Bf1 Qb1 51. Rcc2 Ra5 52. Kg2 Rc5 53. Rxa3 Rxc2
54. Nxc2 Qxc2 55. Ra7+ Kh6 56. hxg6 hxg6 57. Ra8 Qc5 58. Rh8+ Kg7 59. Rd8 Qxd5
60. Rd7+ Kf6 61. Kg1 Qc6 62. Rd8 d5 63. Rb8 d4 64. Rb2 d3 65. Ra2 Qc1 66. Kg2 d2
67. Be2 Qe1 {White resigns} 0-1

[Event "Team 45 45 League T71"]
[Site "Internet Chess Club"]
[Date "2016.12.09"]
[Round "1"]
[White "bayoumicardio10"]
[Black "rayonline53"]
[Result "1-0"]
[WhiteElo "1550"]
[BlackElo "1470"]
[Opening "Sicilian: Grand Prix attack"]
[ECO "B23"]
[Time "17:02:14"]
[TimeControl "2700+45"]

1. e4 c5 2. Nc3 Nc6 3. f4 g6 4. Nf3 Bg7 5. Bb5 Nd4 6. O-O Nxb5 7. Nxb5 d6 8. d3
a6 9. Nc3 e6 10. Be3 Ne7 11. d4 cxd4 12. Bxd4 O-O 13. Bxg7 Kxg7 14. Qd4+ Kg8 15.
Rad1 Nc6 16. Qe3 Qc7 17. Rf2 b5 18. Rfd2 Rd8 19. b3 Bb7 20. h4 Rd7 21. h5 Rad8
22. hxg6 hxg6 23. Ng5 Kg7 24. Ne2 Kf8 25. Nd4 Nxd4 26. Qxd4 d5 27. Nh7+ Ke7 28.
Nf6 Rd6 29. exd5 Bxd5 30. Nxd5+ Rxd5 31. Qb4+ Ke8 32. Rxd5 Rxd5 33. Rxd5 exd5
34. Qd2 Qc5+ 35. Kf1 Kd7 36. Ke2 Kd6 37. Kf3 b4 38. Qd3 Qc3 39. Qxc3 bxc3 40. b4
Kc6 41. a4 f5 42. Ke3 Kb6 43. Kd4 a5 44. b5 {Black resigns} 1-0

[Event "Team 45 45 League T71"]
[Site "Internet Chess Club"]
[Date "2016.12.10"]
[Round "1"]
[White "pokerram"]
[Black "Konstantinos"]
[Result "1/2-1/2"]
[WhiteElo "1546"]
[BlackElo "1651"]
[Opening "QGD semi-Slav: 5.e3"]
[ECO "D45"]
[Time "10:00:44"]
[TimeControl "2700+45"]

1. Nf3 d5 2. d4 Nf6 3. c4 c6 4. Nc3 e6 5. e3 Be7 6. Qc2 O-O 7. Bd3 b6 8. O-O Ba6
9. b3 Nbd7 10. Bb2 Rc8 11. e4 dxe4 12. Nxe4 c5 13. dxc5 Nxc5 14. Nxc5 Bxc5 15.
Rad1 Qe7 16. Qe2 Bb7 17. Nd4 Qc7 18. Nf3 Qf4 19. Ne5 Qh4 20. Nf3 Qf4 21. Ne5 Qg5
22. Nf3 Qf4 23. Ne5 {Game drawn by repetition} 1/2-1/2

[Event "Team 45 45 League T71"]
[Site "Internet Chess Club"]
[Date "2016.12.09"]
[Round "1"]
[White "Insan996"]
[Black "bmw2002"]
[Result "1-0"]
[WhiteElo "1567"]
[BlackElo "1505"]
[Opening "King's Indian: fianchetto variation"]
[ECO "E62"]
[Time "22:10:22"]
[TimeControl "2700+45"]

1. d4 Nf6 2. Nf3 g6 3. c4 Bg7 4. Nc3 d6 5. g3 O-O 6. Bg2 a5 7. O-O Na6 8. b3 c5
9. e3 Rb8 10. Bb2 Bg4 11. h3 Bf5 12. Re1 Qc8 13. Kh2 Ne4 14. Nh4 Nxf2 15. Qe2
Nd3 16. Nxf5 Qxf5 17. Rf1 Qg5 18. Qxd3 Nb4 19. Qe2 b6 20. a3 Na6 21. Rad1 cxd4
22. exd4 Nc7 23. Bc1 Qh5 24. Bf3 {Black resigns} 1-0

[Event "Team 45 45 League T71"]
[Site "Internet Chess Club"]
[Date "2016.12.11"]
[Round "1"]
[White "Zyme"]
[Black "Gilguli"]
[Result "0-1"]
[WhiteElo "1426"]
[BlackElo "1344"]
[Opening "QGD: Albin counter-gambit, 5.g3"]
[ECO "D09"]
[Time "15:52:05"]
[TimeControl "2700+45"]

1. d4 d5 2. c4 e5 3. dxe5 d4 4. Nf3 Nc6 5. g3 Nge7 6. Bg2 Ng6 7. O-O Be6 8. Qa4
Qd7 9. Rd1 O-O-O 10. e3 Bg4 11. exd4 h5 12. Nc3 h4 13. Bg5 hxg3 14. hxg3 Be7 15.
Bxe7 Ngxe7 16. Rd3 Bh3 17. Bxh3 Qxh3 18. Nh4 g5 19. Qc2 gxh4 20. g4 Qxg4+ 21.
Kf1 Rxd4 22. Rad1 h3 23. Rg3 Rxd1+ 24. Nxd1 Qf5 25. Qc3 h2 26. Qf3 Qxf3 27. Rxf3
h1=Q+ 28. Ke2 Nd4+ {White resigns} 0-1

[Event "Team 45 45 League T71"]
[Site "Internet Chess Club"]
[Date "2016.12.10"]
[Round "1"]
[White "bardu"]
[Black "chuckh2"]
[Result "0-1"]
[WhiteElo "1411"]
[BlackElo "1414"]
[Opening "QGD Slav: 3.Nf3"]
[ECO "D11"]
[Time "10:31:45"]
[TimeControl "2700+45"]

1. d4 d5 2. c4 c6 3. Nf3 dxc4 4. e3 b5 5. a4 Nf6 6. axb5 cxb5 7. b3 a5 8. bxc4
b4 9. Qb3 Bb7 10. Be2 e6 11. O-O Be7 12. c5 Nc6 13. Nbd2 O-O 14. Nc4 Nd7 15. Bd2
Qc7 16. Ra2 Rfe8 17. Rfa1 Ba6 18. Bd3 Bb7 19. Ra4 Reb8 20. Be4 Nd8 21. Qd3 Bxe4
22. Qxe4 Nf6 23. Qc2 Nc6 24. e4 Rb5 25. Nfe5 Nxe5 26. Nxe5 b3 27. Qc4 Rab8 28.
Bxa5 Qb7 29. Bb6 Rxb6 30. cxb6 Qxb6 31. R4a2 bxa2 32. Qxa2 Qxd4 33. Nc6 Qd6 34.
Nxb8 Qxb8 35. Qa8 Qf8 36. Qb7 Ne8 37. Ra8 f6 38. Qd7 Kf7 39. f4 g6 40. g4 h6 41.
Kg2 h5 42. h3 hxg4 43. hxg4 f5 44. Kf3 Qh8 45. exf5 Qh1+ 46. Kg3 Qxa8 47. Qxe6+
Kf8 48. fxg6 Qa3+ 49. Kf2 Bh4+ 50. Ke2 Qb2+ 51. Kd3 Qb1+ 52. Kd4 Qb2+ 53. Kd3
Qb5+ 54. Kc3 Be1+ 55. Kd4 Qb2+ 56. Kc5 Qb4+ 57. Kc6 Qa4+ 58. Kc5 Bf2+ {White
resigns} 0-1